 Dungeon Crawl Stone Soup version 0.20.1-1-g8b1a95d (webtiles) character file.

72447 Dipster the Grappler (level 15, -11/149 HPs)
             Began as a Troll Abyssal Knight on Aug 6, 2017.
             Was the Champion of Lugonu.
             Mangled by an orc knight
             ... wielding a +0 glaive
              (26 damage)
             ... on level 13 of the Dungeon on Sept 7, 2017.
             The game lasted 01:49:19 (28595 turns).

Dipster the Grappler (Troll Abyssal Knight)        Turns: 28595, Time: 01:49:20

Health: -11/149    AC:  6    Str: 24    XL:     15   Next: 1%
Magic:  4/21       EV: 13    Int:  8    God:    Lugonu [******]
Gold:   1186       SH:  0    Dex: 16    Spells: 2/24 levels left

rFire    + . .     SeeInvis .   z - +0 giant spiked club (venom)
rCold    . . .     Gourm    +   (shield currently unavailable)
rNeg     . . .     Faith    .   X - +1 robe "Oxtauler" {rF+ Regen+}
rPois    .         Spirit   .   (helmet restricted)
rElec    .         Reflect  .   T - scarf {repulsion}
rCorr    .         Harm     .   (gloves unavailable)
MR       +....     Clarity  +   (boots unavailable)
Stlth    ++........             R - amulet of rage
Regen    1.2/turn               c - ring of wizardry
MPRegen  0.2/turn               Z - ring of flight

@: repel missiles
A: unfitting armour, claws 3, thin skeletal structure 1, clarity, fast
metabolism 3, gourmand, regeneration 1, shaggy fur 1, tough skin 2, wild magic 1
a: Depart the Abyss, Bend Space, Banish, Corrupt, Enter the Abyss, Brand Weapon
With Distortion, Renounce Religion, Evoke Berserk Rage, Evoke Flight


You were on level 13 of the Dungeon.
You worshipped Lugonu.
Lugonu was exalted by your worship.
You were not hungry.

You visited 4 branches of the dungeon, and saw 22 of its levels.
You visited the Abyss 1 time.
You also visited: Sewer, Ice Cave and Volcano.

You collected 1186 gold pieces.

Inventory:

Hand Weapons
 k - a +0 giant club of flaming
 z - a +0 giant spiked club of venom (weapon)
 V - the cursed +0 mace of the Warrior {vamp, *Drain rPois Str+5}
   (You found it on level 9 of the Dungeon)

   It inflicts no extra harm, but heals its wielder when it wounds a living foe.
   It affects your strength (+5).
   It protects you from poison.
   It causes draining when unequipped.
   It has a curse placed upon it.
 Y - a +3 great mace of flaming
Missiles
 b - 373 arrows
 x - 6 throwing nets
 E - 3 tomahawks of dispersal
 H - 8 javelins of penetration
 L - 6 large rocks
 S - 16 tomahawks (quivered)
Armour
 p - a +1 robe of cold resistance
 P - a +2 robe of magic resistance
 T - a scarf of repulsion (worn)
 X - the +1 robe "Oxtauler" (worn) {rF+ Regen+}
   (You found it on level 11 of the Dungeon)

   It protects you from fire.
   It increases your rate of regeneration.
Magical Staves
 a - an uncursed staff of conjuration
Jewellery
 c - a ring of wizardry (left claw)
 D - an uncursed ring of positive energy
 J - a +2 ring of dexterity
 R - an amulet of rage (around neck)
 Z - a ring of flight (right claw)
Wands
 h - a wand of paralysis (0/24)
 F - a wand of polymorph (0/24)
 G - a wand of confusion (8/48)
 M - a wand of flame (0/48)
 N - a wand of random effects (21/48)
 Q - a wand of flame (0/48)
 U - a wand of lightning (1/15)
Scrolls
 g - 7 scrolls of remove curse
 j - 5 scrolls of teleportation
 n - 6 scrolls of fog
 r - 3 scrolls of amnesia
 t - 4 scrolls of recharging
 u - 2 scrolls of fear
 y - a scroll of enchant armour
 B - a scroll of identify
 C - a scroll of silence
 K - a scroll of enchant weapon
Potions
 d - a potion of ambrosia
 e - 5 potions of curing
 f - a potion of cancellation
 i - 5 potions of might
 m - 4 potions of lignification
 s - 5 potions of mutation
 v - 4 potions of flight
 w - 3 potions of haste
 A - 3 potions of magic
 O - a potion of brilliance
 W - a potion of berserk rage
Comestibles
 l - 28 fruits
 q - 4 meat rations
 I - 3 royal jellies


   Skills:
 * Level 10.2 Fighting
 + Level 2.7 Throwing
 + Level 4.6 Armour
 + Level 5.6 Dodging
 + Level 1.4 Stealth
 * Level 14.8 Unarmed Combat
 - Level 5.0 Spellcasting
 - Level 3.7 Conjurations
 + Level 5.1 Summonings
 - Level 3.2 Air Magic
 - Level 3.4 Poison Magic
 + Level 8.4 Invocations
 + Level 3.2 Evocations


You had 2 spell levels left.
You knew the following spells:

 Your Spells              Type           Power        Failure   Level  Hunger
a - Mephitic Cloud        Conj/Pois/Air  #.......     11%         3    ###....
b - Blink                 Tloc           N/A          21%         2    ##.....
c - Call Imp              Summ           ##......     3%          2    ##.....
d - Call Canine Familiar  Summ           ##......     6%          3    ###....
e - Summon Lightning Spi  Summ/Air       ##......     24%         4    #####..
f - Summon Ice Beast      Ice/Summ       #.......     38%         4    #####..
g - Force Lance           Conj/Tloc      #.......     47%         4    #####..


Dungeon Overview and Level Annotations

Branches:
Dungeon (14/15) Temple (1/1) D:7 Lair (6/6) D:11 Swamp (1/4) Lair:2 Spider (0/4) Lair:3 Orc (0/2) D:9 Vaults (0/5) D:13 D:14 Slime: Lair:5-6

Altars:
Ashenzari
Cheibriados
Dithmenos
Elyvilon
Fedhas
Gozag
Hepliaklqana
Kikubaaqudgha
Makhleb
Nemelex Xobeh
Okawaru
Qazlal
Ru
Sif Muna
Trog
Uskayaw
Vehumet
Xom
Yredelemnul
Zin
The Shining One

Shops:
D:8 %   D:13 (

Annotations:
D:12 corrupted
D:13 corrupted
Lair:5 exclusion: 3 oklob plants


Innate Abilities, Weirdness & Mutations

You are too large for most types of armour.
You have claws for hands.
Your metabolism is lightning-fast.
You like to eat raw meat.
Your natural rate of healing is unusually fast.
You are covered in fur. (AC +1)
You have very tough skin. (AC +2)
You have a somewhat thin skeletal structure. (Dex +2, Stealth)
You possess an exceptional clarity of mind.
Your spells are a little harder to cast, but a little more powerful.


Message History

Aiming: Mephitic Cloud
Press: ? - help, Shift-Dir - straight line, f - orc knight, p - two-headed ogre
Aim: an orc knight, wielding a glaive and wearing a plate armour The ball explodes into a vile cloud!
The stinking cloud engulfs the orc knight.
The stinking cloud engulfs the two-headed ogre.
The two-headed ogre is lightly wounded.
The stinking cloud engulfs the human.
The human is moderately wounded.
The orc knight is engulfed in noxious fumes.
The human hits you.
* * * LOW HITPOINT WARNING * * *
The human hits the human but does no damage.
The human is engulfed in noxious fumes.
The human is engulfed in noxious fumes.
The human appears confused.
Lugonu's Hand of Corruption reaches out!
You feel quite a bit more hungry. The human hits you.
* * * LOW HITPOINT WARNING * * *
The orc knight hits you from afar with a glaive!!
You die...

#.........................#
#.........###.##########[.#
#.#####...###.##### .##..#
#.........#.≈.≈.#4###X##..#
#..........≈..≈R..Gp.>....#
'..........≈#_##X.#G§.....#
#...................##....#
#..........5...X.po.§5p...#
#...........#...@.O.Y#....#
#....................p....#
#..###......#.#......#..p.#
#..# #......5.#.3.X..#....#
#..###...........#..##....#
#..............x..#.#.....#
#.........................#
.....##'######.####.......#
####.#.............#......#


You could see an orc knight, a two-headed ogre (confused), 4 humans, a neutral
starcursed mass, 2 neutral tentacled starspawn, a neutral orange demon, a
neutral large abomination, a neutral eye of draining, a neutral smoke demon, a
neutral efreet, a neutral sky beast, a neutral small abomination, 2 neutral iron
imps, a neutral golden eye and a neutral white imp.

Vanquished Creatures
  Snorg (D:11)
  The ghost of radman0x the Severer, a journeyman HOBe of Trog (D:10)
  A rakshasa (D:13)
  2 hydras
  Harold (Lair:1)
  Fannar (Lair:3)
  A centaur warrior (D:13)
  A catoblepas (Lair:5)
  An ogre mage (Volcano)
  9 two-headed ogres
  Urug (Lair:5)
  A hell knight (Volcano)
  3 unseen horrors
  A necromancer (IceCv)
  A deep elf mage (D:13)
  A manticore (D:13)
  3 ugly things
  11 elephants
  Joseph (D:8)
  2 centaur skeletons
  2 ice statues (IceCv)
  A molten gargoyle (Volcano)
  5 black mambas
  A gargoyle (Volcano)
  10 spiny frogs
  A rime drake (shapeshifter) (D:13)
  3 rime drakes
  2 komodo dragons
  2 kobold demonologists (D:12)
  5 ice devils (IceCv)
  A jumping spider (Lair:3)
  A wandering mushroom (Lair:5)
  3 tengu conjurers
  7 trolls
  3 meliai (D:13)
  8 slime creatures (D:12)
  12 hippogriffs
  19 blink frogs
  Sigmund (D:6)
  A shadow (D:12)
  A wyvern (Lair:5)
  2 basilisks
  Eustachio (D:6)
  A human (D:13)
  2 fire bats (Volcano)
  56 yaks
  2 hungry ghosts
  3 steam dragons
  6 vampire mosquitoes
  2 swamp worms (Lair:2)
  3 insubstantial wisps (Lair:2)
  6 water moccasins
  12 porcupines
  4 ice beasts
  3 black bears
  4 orc warriors
  An eye of draining (D:12)
  5 phantoms
  2 sky beasts
  A tengu (D:11)
  8 ogres
  5 wolves (Lair:2)
  15 centaurs
  7 crocodiles
  6 big kobolds
  15 bullfrogs
  A wyvern skeleton (D:13)
  7 scorpions
  17 wights
  2 electric eels (Lair:5)
  5 howler monkeys
  8 crimson imps
  A draconian simulacrum (IceCv)
  2 lava snakes (Volcano)
  2 centaur zombies
  2 quasits
  2 bullfrog zombies
  10 orc priests
  8 hounds
  3 jellies
  2 bullfrog skeletons
  Natasha (thrice) (D:3)
  An iguana (D:12)
  12 orc wizards
  2 troll simulacra (IceCv)
  11 worker ants
  A centaur simulacrum (IceCv)
  A hound zombie (D:10)
  A hound skeleton (D:10)
  2 worker ant zombies
  3 gnolls (D:6)
  15 adders
  4 naga simulacra (IceCv)
  2 ogre simulacra (IceCv)
  3 river rats
  3 shadow imps
  2 adder skeletons
  2 worms
  A dart slug (D:1)
  4 leopard geckos
  40 orcs
  3 ball pythons
  A giant cockroach (D:3)
  7 goblins
  10 hobgoblins
  14 jackals
  22 kobolds
  7 quokkas
  11 bats
  7 frilled lizards
  A jackal skeleton (D:4)
  A leopard gecko zombie (D:8)
  12 rats
586 creatures vanquished.

Vanquished Creatures (others)
  2 hydras
  4 skeletal warriors (D:12)
  3 ice statues (IceCv)
  A swamp drake (Swamp:1)
  An ogre (D:12)
  A bullfrog (D:12)
  6 fungi
  5 plants
23 creatures vanquished.

Grand Total: 609 creatures vanquished

Notes
Turn   | Place    | Note
-------+----------+-------------------------------------------
     0 | Abyss:1  | Dipster the Troll Abyssal Knight began the quest for the Orb.
     0 | Abyss:1  | Reached XP level 1. HP: 22/22 MP: 1/1
     0 | D:1      | Escaped the Abyss
   110 | D:1      | Reached * piety under Lugonu
   129 | D:1      | Reached XP level 2. HP: 29/29 MP: 2/2
   157 | D:1      | Reached skill level 3 in Unarmed Combat
   475 | D:1      | Reached XP level 3. HP: 36/36 MP: 3/3
   948 | D:2      | Reached skill level 4 in Unarmed Combat
  1054 | D:2      | Reached ** piety under Lugonu
  1241 | D:2      | Reached XP level 4. HP: 44/44 MP: 4/4
  1566 | D:2      | Found a faded altar of an unknown god.
  1803 | D:3      | Noticed Natasha
  1830 | D:3      | Killed Natasha
  1830 | D:3      | Reached skill level 5 in Unarmed Combat
  2214 | D:3      | Noticed Natasha
  2217 | D:3      | Killed Natasha
  2217 | D:3      | Reached XP level 5. HP: 43/50 MP: 5/5
  2238 | D:3      | Noticed Natasha
  2242 | D:3      | Killed Natasha
  2716 | D:4      | Noticed an ogre
  2723 | D:4      | Noticed an ogre
  2725 | D:4      | Killed an ogre
  2725 | D:4      | Reached skill level 6 in Unarmed Combat
  2725 | D:4      | Reached XP level 6. HP: 43/59 MP: 4/6
  2815 | D:4      | Reached skill level 7 in Unarmed Combat
  2819 | D:4      | Reached *** piety under Lugonu
  2845 | D:4      | Found a glowing drain.
  2863 | Sewer    | Entered a sewer
  2948 | Sewer    | Reached XP level 7. HP: 57/66 MP: 7/7
  2985 | Sewer    | Found a white marble altar of Elyvilon.
  3245 | D:4      | Reached skill level 8 in Unarmed Combat
  3499 | D:5      | Entered Level 5 of the Dungeon
  3585 | D:5      | Upgraded the game from 0.20.0 to 0.20.1-1-g8b1a95d
  3640 | D:5      | Reached skill level 9 in Unarmed Combat
  3739 | D:5      | Reached XP level 8. HP: 75/75 MP: 8/8
  4684 | D:6      | Noticed Eustachio
  4695 | D:6      | Killed Eustachio
  4974 | D:6      | Reached skill level 10 in Unarmed Combat
  5128 | D:6      | Reached **** piety under Lugonu
  5814 | D:6      | Noticed Sigmund
  5822 | D:6      | Killed Sigmund
  5837 | D:6      | Found an iron altar of Okawaru.
  6117 | D:7      | Reached XP level 9. HP: 85/87 MP: 9/9
  6437 | D:7      | Learned a level 3 spell: Mephitic Cloud
  6440 | D:7      | Learned a level 2 spell: Blink
  6443 | D:7      | Learned a level 2 spell: Call Imp
  6768 | D:7      | Reached skill level 5 in Fighting
  6768 | D:7      | Reached skill level 11 in Unarmed Combat
  6768 | D:7      | Reached skill level 1 in Poison Magic
  6899 | D:7      | Found a staircase to the Ecumenical Temple.
  6906 | Temple   | Entered the Ecumenical Temple
  7067 | D:8      | Reached skill level 1 in Conjurations
  7151 | D:8      | Found Iqew's Food Shop.
  7159 | D:8      | Noticed Joseph
  7205 | D:8      | Paralysed by Joseph for 6 turns
  7220 | D:8      | Reached XP level 10. HP: 38/96 MP: 10/16
  7221 | D:8      | Reached XP level 11. HP: 45/111 MP: 10/17
  7250 | D:8      | Killed Joseph
  7802 | D:8      | Got a brightly glowing war axe
  7821 | D:8      | Identified the cursed +3 war axe of Terra Cotta {chop, SInv} (You found it on level 8 of the Dungeon)
  8260 | D:8      | Noticed Psyche
  8294 | D:8      | Noticed Psyche
  8294 | D:8      | Psyche changed into Psyche the steam dragon
  8299 | D:8      | Killed Psyche the steam dragon
  8299 | D:8      | Reached skill level 1 in Throwing
  8913 | D:9      | Reached ***** piety under Lugonu
  9210 | D:9      | Killed an unseen horror
  9210 | D:9      | Reached skill level 5 in Spellcasting
  9593 | D:9      | Got an ancient mace
  9639 | D:9      | Found a staircase to the Orcish Mines.
 10231 | D:10     | Entered Level 10 of the Dungeon
 10435 | D:10     | Noticed a two-headed ogre
 10441 | D:10     | Killed a two-headed ogre
 10441 | D:10     | Reached XP level 12. HP: 93/119 MP: 18/18
 10524 | D:10     | Reached skill level 1 in Summonings
 10756 | D:10     | Noticed radman0x's ghost (journeyman HOBe)
 10790 | D:10     | Killed radman0x's ghost
 12044 | D:11     | Got a shimmering robe
 12055 | D:11     | Identified the cursed +1 robe "Oxtauler" {rF+ Regen+} (You found it on level 11 of the Dungeon)
 12088 | D:11     | Noticed a two-headed ogre
 12199 | D:11     | Noticed Snorg
 12421 | D:11     | Found a staircase to the Lair.
 12439 | D:11     | Learned a level 3 spell: Call Canine Familiar
 12444 | D:11     | Learned a level 4 spell: Summon Lightning Spire
 12449 | D:11     | Learned a level 4 spell: Summon Ice Beast
 12473 | Lair:1   | Entered Level 1 of the Lair of Beasts
 12665 | Lair:1   | Reached skill level 1 in Armour
 12819 | Lair:1   | Reached skill level 12 in Unarmed Combat
 13226 | Lair:1   | Noticed Harold
 13347 | Lair:1   | Killed Harold
 14137 | Lair:1   | Reached skill level 13 in Unarmed Combat
 14263 | Lair:1   | Reached XP level 13. HP: 113/128 MP: 19/19
 14678 | Lair:2   | Found a frozen archway.
 14689 | IceCv    | Entered an ice cave
 15643 | IceCv    | Reached ****** piety under Lugonu
 16576 | IceCv    | Corrupted IceCv
 16576 | IceCv    | Noticed a bone dragon
 16576 | IceCv    | Noticed a starcursed mass
 16578 | IceCv    | Noticed a crystal guardian
 16579 | IceCv    | Noticed a shadow dragon
 16580 | IceCv    | Noticed a cacodemon
 16606 | IceCv    | Noticed a red very ugly thing
 16610 | IceCv    | Noticed a bone dragon
 16619 | IceCv    | Noticed a tentacled starspawn
 16629 | IceCv    | Noticed an eidolon
 17259 | Lair:2   | Found a staircase to the Swamp.
 18325 | D:11     | Killed Snorg
 19010 | D:12     | Identified the cursed +0 mace of the Warrior {vamp, *Drain rPois Str+5} (You found it on level 9 of the Dungeon)
 19101 | D:12     | Gained mutation: You possess an exceptional clarity of mind. [mutagenic meat]
 19102 | D:12     | Gained mutation: You have a somewhat thin skeletal structure. (Dex +2, Stealth) [mutagenic meat]
 19103 | D:12     | Gained mutation: Your spells are a little harder to cast, but a little more powerful. [mutagenic meat]
 19451 | Lair:2   | Learned a level 4 spell: Force Lance
 19474 | Swamp:1  | Entered Level 1 of the Swamp
 20373 | Lair:3   | Found a hole to the Spider Nest.
 20571 | Lair:3   | Reached skill level 14 in Unarmed Combat
 20998 | Lair:3   | Reached skill level 1 in Evocations
 21147 | Lair:3   | Noticed Fannar
 21170 | Lair:3   | Killed Fannar
 21825 | Lair:4   | Reached XP level 14. HP: 140/140 MP: 11/20
 22903 | Lair:5   | Noticed Urug
 22922 | Lair:5   | Killed Urug
 23210 | Lair:5   | Found a dark tunnel.
 23214 | Volcano  | Entered a volcano
 23453 | Volcano  | Found a radiant altar of Vehumet.
 23813 | Lair:5   | Reached skill level 5 in Dodging
 25103 | Lair:6   | Entered Level 6 of the Lair of Beasts
 26270 | D:12     | Reached skill level 10 in Fighting
 26789 | D:12     | Corrupted D:12
 26789 | D:12     | Noticed a lich
 27047 | D:12     | Reached skill level 1 in Stealth
 27305 | D:13     | Found Ipri's Weapon Emporium.
 27461 | D:13     | Reached skill level 5 in Summonings
 27539 | D:13     | Found a blossoming altar of Fedhas.
 28511 | D:13     | Reached XP level 15. HP: 130/149 MP: 21/21
 28573 | D:14     | Found a gate to the Vaults.
 28595 | D:13     | Corrupted D:13
 28595 | D:13     | Noticed a tentacled starspawn
 28595 | D:13     | Noticed a tentacled starspawn
 28595 | D:13     | Mangled by an orc knight

Skill      XL: |  1  2  3  4  5  6  7  8  9 10 11 12 13 14 |
---------------+-------------------------------------------+-----
Unarmed Combat | 3 4 5 6 7 9 10 11 13 14 | 14.8
Fighting       | 3 4 5 7 8 9 10 | 10.2
Invocations    | 2 7 8 |  8.4
Poison Magic   | 1 2 3 |  3.4
Conjurations   | 1 2 3 |  3.7
Spellcasting   | 4 5 |  5.0
Air Magic      | 3 |  3.2
Throwing       | 1 2 |  2.7
Summonings     | 3 4 5 |  5.1
Dodging        | 2 4 5 |  5.6
Armour         | 1 3 4 |  4.6
Evocations     | 1 3 |  3.2
Stealth        | 1 |  1.4

Action                   |  1- 3 |  4- 6 |  7- 9 | 10-12 | 13-15 || total
-------------------------+-------+-------+-------+-------+-------++-------
Melee: Unarmed           |   120 |   117 |   258 |   507 |   958 ||  1960
       Punch             |     2 |     2 |    11 |    21 |    79 ||   115
       Giant spiked club |       |       |       |       |     3 ||     3
 Fire: Longbow           |       |       |       |       |     2 ||     2
Throw: Large rock        |       |       |     5 |     2 |       ||     7
       Tomahawk          |       |       |       |     4 |    13 ||    17
 Cast: Mephitic Cloud    |       |       |       |     4 |    67 ||    71
       Call Imp          |       |       |       |     2 |     1 ||     3
       Call Canine Famil |       |       |       |     2 |       ||     2
       Summon Lightning  |       |       |       |       |     5 ||     5
Invok: Depart the Abyss  |     1 |       |       |       |       ||     1
       Bend Space        |       |     2 |     1 |       |     1 ||     4
       Banish            |       |       |       |       |     2 ||     2
       Corrupt           |       |       |       |       |     3 ||     3
 Abil: Evoke Berserk Rag |       |       |       |     4 |    16 ||    20
Evoke: Wand              |       |       |       |     9 |    31 ||    40
  Use: Scroll            |       |    14 |     1 |     7 |    13 ||    35
       Potion            |       |     2 |     5 |     2 |     8 ||    17
 Stab: Sleeping          |     1 |     1 |     3 |     1 |     2 ||     8
       Confused          |       |       |       |     1 |    30 ||    31
       Distracted        |       |       |       |       |     2 ||     2
  Eat: Chunk             |     8 |    19 |    33 |    63 |   106 ||   229
       Bread ration      |       |       |     1 |     3 |     2 ||     6
       Fruit             |       |       |       |       |     7 ||     7
       Meat ration       |       |       |       |       |     6 ||     6
       Royal jelly       |       |       |       |       |     4 ||     4
Armor: Robe              |    46 |    43 |    62 |   129 |   182 ||   462
       Skin              |       |       |     1 |     4 |       ||     5
Dodge: Dodged            |    66 |    66 |   119 |   202 |   420 ||   873
       Deflected         |       |       |       |     9 |    28 ||    37
